 Dungeon Crawl Stone Soup version 0.26-a0-651-gb41185065b (webtiles) character file.

Game seed: 12028245564940558835

70 Irenicus the Digger (level 4, 0/36 HPs)
             Began as a Deep Dwarf Earth Elementalist on Oct 11, 2020.
             Slain by an adder (2 damage)
             ... on level 2 of the Dungeon.
             The game lasted 00:06:31 (1198 turns).

Irenicus the Digger (Deep Dwarf Earth Elementalist) Turns: 1198, Time: 00:06:32

Health: 0/36       AC:  3    Str: 10 (12) XL:     4   Next: 3%
Magic:  6/6        EV: 12    Int: 13 (16) God:
Gold:   84         SH:  0    Dex: 11 (13) Spells: 3/6 levels left

rFire    . . .     SeeInvis .   d - +0 dagger
rCold    . . .     Faith    .   (no shield)
rNeg     . . .     Spirit   .   i - +0 leather armour
rPois    .         Reflect  .   (no helmet)
rElec    .         Harm     .   (no cloak)
rCorr    .         Rampage  .   (no gloves)
MR       .....                  (no boots)
Stlth    ++........             e - amulet of inaccuracy (curse)
HPRegen  0.00/turn              (no ring)
MPRegen  0.10/turn              (no ring)

@: lethally poisoned (0 -> 0), non-regenerating
A: damage resistance, heal wounds, sense surroundings 1, no regeneration
a: Heal Wounds


You were on level 2 of the Dungeon.
You visited 1 branch of the dungeon, and saw 2 of its levels.

You collected 84 gold pieces.

Inventory:

Hand Weapons
 d - a +0 dagger (weapon)
   (You took it off a goblin on level 1 of the Dungeon)
Armour
 c - a +0 robe
 i - a +0 leather armour (worn)
   (You found it on level 1 of the Dungeon)
 k - a +0 ring mail
   (You found it on level 1 of the Dungeon)
Jewellery
 e - a cursed amulet of inaccuracy (around neck)
   (You found it on level 1 of the Dungeon)
 j - an uncursed ring of ice {rC+, rF-}
   (You found it on level 1 of the Dungeon)
Scrolls
 a - 4 scrolls of identify
 g - a scroll of immolation {unknown}
Potions
 f - 2 potions of flight


   Skills:
 - Level 2.1 Dodging
 - Level 2.4 Stealth
 - Level 1.7 Spellcasting
 - Level 0.8 Transmutations
 + Level 6.5 Earth Magic


You had 3 spell levels left.
You knew the following spells:

 Your Spells              Type           Power        Failure   Level
a - Sandblast             Erth           ###...       2%          1
w - Passwall              Tmut/Erth      ##......     12%         2

Your spell library contained the following spells:

 Spells                   Type           Power        Failure   Level
 Stone Arrow              Conj/Erth      #.....       28%         3
 Lee's Rapid Deconstruct  Erth           ###.......   54%         5
 Petrify                  Tmut/Erth      ##......     61%         4


Dungeon Overview and Level Annotations

Branches:
Dungeon (2/15)

Altars:


Innate Abilities, Weirdness & Mutations

You are resistant to damage.
You can heal yourself by infusing magical energy.
You passively map a small area around you.
You do not regenerate.


Message History

You hit the giant cockroach but do no damage.
The giant cockroach is severely wounded.
The giant cockroach closely misses you.
You miss the giant cockroach.
The giant cockroach is severely wounded.
The giant cockroach bites you.
You barely miss the giant cockroach.
The giant cockroach is severely wounded.
The giant cockroach barely misses you.
You hit the giant cockroach.
The giant cockroach is almost dead.
The giant cockroach barely misses you.
You closely miss the giant cockroach.
The giant cockroach is almost dead.
The giant cockroach completely misses you.
The giant cockroach barely misses you.
You closely miss the giant cockroach.
The giant cockroach is almost dead.
The giant cockroach completely misses you.
You closely miss the giant cockroach.
The giant cockroach is almost dead.
The giant cockroach barely misses you.
You hit the giant cockroach but do no damage.
The giant cockroach is almost dead.
The giant cockroach bites you.
You hit the giant cockroach.
You kill the giant cockroach!
You have reached level 4!
You feel stronger.
You regained 2 hp, and now have 11/36 hp.
A goblin comes into view. It is wielding a +0 club.
The goblin shouts!
You hear a shout!
A hobgoblin comes into view. It is wielding a +0 club.
A goblin comes into view. It is wielding a -2 club.
The goblin hits you but does no damage. The goblin closely misses you.
MP restored: 6 The hobgoblin closely misses you.
A goblin comes into view. It is wielding a +0 club.
The goblin shouts!
The goblin closely misses you. The goblin hits you with a +0 club.
* * * LOW HITPOINT WARNING * * *
You take 1 damage, and have 10/36 hp.
As you open the door, it creaks loudly! The hobgoblin hits you with a +0 club.
The hobgoblin hits you with a +0 club.
* * * LOW HITPOINT WARNING * * *
The goblin hits you but does no damage.
You take 3 damage, and have 7/36 hp.
The goblin barely misses you. The hobgoblin hits you with a +0 club.
A kobold comes into view.
The kobold shouts!
You hear an angry hiss.
The kobold throws a stone.
The stone hits you.
An adder comes into view.
It was a potion of degeneration.
There was something very wrong with that liquid.
You feel weakened.
You feel dopey.
You feel clumsy. The goblin closely misses you.
You barely miss the kobold. The goblin hits you with a +0 club.
* * * LOW HITPOINT WARNING * * *
The kobold hits you but does no damage.
You take 1 damage, and have 6/36 hp.
You barely miss the kobold. The goblin hits you but does no damage.
The kobold closely misses you.
You hit the kobold but do no damage. The goblin hits you but does no damage.
The kobold hits you.
You hit the kobold.
You kill the kobold!
The adder misses you. The goblin hits you with a +0 club.
* * * LOW HITPOINT WARNING * * *
You take 3 damage, and have 3/36 hp.
You closely miss the adder. The adder bites you but does no damage.
The goblin barely misses you.
You hit the adder but do no damage. The adder barely misses you.
The goblin closely misses you.
You barely miss the adder. The adder closely misses you. The adder bites you.
The goblin closely misses you.
You closely miss the adder. The adder bites you.
* * * LOW HITPOINT WARNING * * *
You are poisoned.
The adder poisons you!
You take 1 damage, and have 2/36 hp.
You hit the adder.
The adder is moderately wounded.
The goblin hits you with a +0 club. The adder bites you but does no damage.
You hit the adder.
The adder is heavily wounded.
The adder closely misses you. The goblin hits you but does no damage.
The adder barely misses you.
You closely miss the adder.
The adder is heavily wounded.
The goblin barely misses you. The adder misses you.
You miss the adder.
The adder is heavily wounded.
The adder closely misses you. The goblin hits you but does no damage.
You miss the adder.
The adder is heavily wounded.
The adder bites you.
You die...

#. #.# ** #.
#.# * ,< ,, #+
#.# , #.# ,* ,
, #.# , #!# *
, #S# * + ,
####### #@#
#.....# #g#
#.....# #g#, *
* ,
#.....###g#.#
*
#....g...g..#*
#......##.###
,
###.......#.#
*, ,
#.'.......#.#
*
#.#.......#.#
*,, *


You could see an adder, a hobgoblin and 3 goblins.

Vanquished Creatures
  A gnoll (D:1)
  2 adders (D:2)
  An ooze (D:1)
  2 leopard geckos
  4 bats
  A giant cockroach (D:2)
  A goblin (D:1)
  4 hobgoblins
  A quokka (D:2)
  A frilled lizard (D:2)
  6 kobolds
  A leopard gecko zombie (D:2)
  14 rats
39 creatures vanquished.

Notes
Turn   | Place    | Note
-------+----------+-------------------------------------------
     0 | D:1      | Irenicus the Deep Dwarf Earth Elementalist began the quest
                  | for the Orb.
     0 | D:1      | Reached XP level 1. HP: 15/15 MP: 3/3
   156 | D:1      | Reached XP level 2. HP: 20/22 MP: 0/4
   163 | D:1      | Learned a level 2 spell: Passwall
   337 | D:1      | Reached skill level 5 in Earth Magic
   720 | D:1      | Reached XP level 3. HP: 21/28 MP: 0/5
   899 | D:2      | Reached skill level 6 in Earth Magic
  1146 | D:2      | Reached XP level 4. HP: 11/36 MP: 4/6
  1174 | D:2      | HP: 7/36 [hobgoblin/+0 club (3)]
  1186 | D:2      | HP: 6/36 [goblin/+0 club (1)]
  1193 | D:2      | HP: 2/36 [adder (1)]
  1198 | D:2      | Slain by an adder

Illustrated notes

Levels and vault maps discovered:
D:1:      saegor_arrival_simple_a, layout_basic, nrook_loot_triangle,
          minmay_rat_gold_closets
D:2:      layout_basic, minmay_misc_feat_pillars

Skill      XL: |  1  2  3 |
---------------+----------+-----
Earth Magic    | 5 6 |  6.5
Dodging        | |  2.1
Stealth        | |  2.4
Spellcasting   | |  1.7
Transmutations | |  0.8

Action                   |  1- 3 |  4- 6 || total
-------------------------+-------+-------++-------
Melee: Dagger            |    57 |    13 ||    70
 Cast: Sandblast         |    37 |       ||    37
       Passwall          |    16 |       ||    16
  Use: Scroll            |     2 |       ||     2
       Potion            |       |     1 ||     1
 Stab: Sleeping          |     5 |       ||     5
Armor: Leather armour    |    15 |     8 ||    23
       Robe              |     3 |       ||     3
Dodge: Dodged            |    60 |    17 ||    77

Table legend: (Time is in decaauts)
 A = Elapsed time spent in this place.
 B = Non-inter-level travel time spent in this place.
 C = Inter-level travel time spent in this place.
 D = Time resting spent in this place.
 E = Time spent auto-exploring this place.
 F = Levels seen in this place.
 G = Mean time per level.
                   A        B        C        D        E       F      G
               +--------+--------+--------+--------+--------+-----+--------+
         Total |   1196 |   1156 |     40 |      0 |      0 |   2 |  598.0 |
       Dungeon |   1196 |   1156 |     40 |      0 |      0 |   2 |  598.0 |
               +--------+--------+--------+--------+--------+-----+--------+

Top non-repeatable levels by time:
     D:1: 839 daAuts
     D:2: 356 daAuts

Table legend:
 A = Kills in this place as a percentage of kills in entire the game.
 B = Kills by you in this place as a percentage of kills by you in the entire game.
 C = Kills by friends in this place as a percentage of kills by friends in the entire game.
 D = Other kills in this place as a percentage of other kills in the entire game.
 E = Experience gained in this place as a percentage of experience gained in the entire game.
 F = Experience gained in this place divided by the number of levels of this place that you have seen.
                   A       B       C       D       E      F
               +-------+-------+-------+-------+-------+----------------------
         Total | 100.0 | 100.0 |   N/A |   N/A | 100.0 |  50.0
       Dungeon | 100.0 | 100.0 |   N/A |   N/A | 100.0 |  50.0
               +-------+-------+-------+-------+-------+----------------------
